 Dungeon Sprint DCSS version 0.25.1-2-g60ff931df9 (webtiles) character file.

Game seed: 12622350435234102835

6174 howech the Blocker (level 10, -11/88 HPs)
             Began as a Gnoll Fighter on Oct 1, 2020.
             Was a High Priest of Okawaru.
             Mangled by a reaper
             ... wielding a +2 scythe of venom
             ... summoned by Xooppit
              (24 damage)
             ... in the Dungeon (Sprint V: "Ziggurat Sprint").
             The game lasted 00:11:32 (808 turns).

howech the Blocker (Gnoll Fighter)                   Turns: 808, Time: 00:11:33

Health: -11/88     AC: 32    Str: 25      XL:     10   Next: 91%
Magic:  9/23       EV:  8    Int: 12 (13) God:    Okawaru [*****.]
Gold:   0          SH: 32    Dex: 21      Spells: 27/27 levels left

rFire    . . .     SeeInvis .   a - +7 Screaming Sword {vorpal, sonic wave}
rCold    . . .     Gourm    .   J - +18 shield of the Gong {rElec rN+ MR+ EV-5}
rNeg     + . .     Faith    .   I - +15 Maxwell's patent armour {-Cast -Tele rElec MR+ rCorr}
rPois    .         Spirit   .   (no helmet)
rElec    +         Reflect  .   (no cloak)
rCorr    +         Harm     .   P - +1 pair of gloves {archery}
MR       ++...     NoTele   +   (no boots) Stlth ..........NoCast +
                                (no amulet)
HPRegen  0.24/turn              C - +6 ring of dexterity
MPRegen  0.18/turn              G - +6 ring of strength

@: lethally poisoned (-11 -> -49), liquid flames, glowing
A: distributed training, fangs 1, strong nose
a: Heroism, Finesse, Renounce Religion


You were in the Dungeon.
You worshipped Okawaru.
Okawaru was extremely pleased with you.
You were not hungry.

You visited 1 branch

Inventory:

Hand Weapons
 a - the +7 Screaming Sword (weapon) {vorpal, sonic wave}
   (You found it in the Dungeon)

   It inflicts extra damage upon your enemies.
Armour
 l - a +5 crystal plate armour
 m - +5 shadow dragon scales
 I - the +15 Maxwell's patent armour (worn) {-Cast -Tele rElec MR+ rCorr}
   (You found it in the Dungeon)

   It insulates you from electricity.
   It affects your resistance to hostile enchantments.
   It prevents spellcasting.
   It prevents most forms of teleportation.
   It provides partial protection from all sources of acid and corrosion.
 J - the +18 shield of the Gong (worn) {rElec rN+ MR+ EV-5}
   (You found it in the Dungeon)

   It affects your evasion (-5).
   It insulates you from electricity.
   It protects you from negative energy.
   It affects your resistance to hostile enchantments.
 P - a +1 pair of gloves of archery (worn)
Jewellery
 c - a +6 ring of strength
 q - a +6 ring of strength
 B - an uncursed ring of flight
 C - a +6 ring of dexterity (left hand)
 D - a +6 ring of dexterity
 E - a +6 ring of intelligence
 F - a +6 ring of intelligence
 G - a +6 ring of strength (right hand)
 H - a +6 ring of strength
 L - the ring "Tuist" {*Corrode rPois rC+ MP+9}
   (You found it in the Dungeon)

   [ring of magical power]

   It protects you from cold.
   It protects you from poison.
   It affects your magic capacity (+9).
   It may corrode you when you take damage.
 M - an uncursed ring of protection from magic
 N - an uncursed ring of wizardry
 O - an uncursed amulet of regeneration
 Q - an uncursed amulet of guardian spirit
 R - a +6 ring of strength
Wands
 y - a wand of disintegration (7)
 z - a wand of iceblast (7)
 A - a wand of acid (7)
Scrolls
 k - 4 scrolls of blinking
 s - 4 scrolls of amnesia
 t - 7 scrolls of fog
 u - a scroll of holy word
 v - 4 scrolls of identify
 w - 5 scrolls of remove curse
 x - 2 scrolls of fear
 S - a scroll of brand weapon
Potions
 d - 6 potions of might
 e - 10 potions of curing
 g - 6 potions of heal wounds
 h - 6 potions of haste
 i - 7 potions of magic
 j - 3 potions of berserk rage
 n - 2 potions of brilliance
 o - 2 potions of invisibility
 p - 4 potions of resistance
 r - 6 potions of stabbing
Miscellaneous
 K - a lightning rod (4/4)
 T - 2 boxes of beasts
Comestibles
 f - 7 rations


   Skills:
 + Level 11.2 Fighting
 + Level 9.3 Short Blades
 + Level 10.4 Long Blades
 + Level 9.3 Axes
 + Level 9.3 Maces & Flails
 + Level 9.3 Polearms
 + Level 9.3 Staves
 + Level 9.3 Slings
 + Level 9.3 Bows
 + Level 9.3 Crossbows
 + Level 9.3 Throwing
 + Level 11.2 Armour
 + Level 9.3 Dodging
 + Level 9.3 Stealth
 + Level 11.2 Shields
 + Level 9.3 Unarmed Combat
 + Level 9.3 Spellcasting
 + Level 7.8 Conjurations
 + Level 7.8 Hexes
 + Level 7.8 Charms
 + Level 7.8 Summonings
 + Level 7.8 Necromancy
 + Level 7.8 Translocations
 + Level 7.8 Transmutations
 + Level 7.8 Fire Magic
 + Level 7.8 Ice Magic
 + Level 7.8 Air Magic
 + Level 7.8 Earth Magic
 + Level 7.8 Poison Magic
 + Level 10.2 Invocations
 + Level 9.3 Evocations


You had 27 spell levels left.
You didn't know any spells.
Your spell library contained the following spells:

 Spells                   Type           Power        Failure   Level  Hunger
 Shock                    Conj/Air       ###.         8%          1    None
 Summon Small Mammal      Summ           ###.         8%          1    None
 Call Imp                 Summ           ###.....     12%         2    None
 Poisonous Vapours        Pois/Air       ###...       12%         2    None
 Sublimation of Blood     Necr           ###.......   12%         2    None
 Call Canine Familiar     Summ           ###.....     24%         3    ##.....
 Confusing Touch          Hex            ###.....     24%         3    ##.....
 Conjure Flame            Conj/Fire      ###.....     24%         3    ##.....
 Gell's Gravitas          Tloc           ###.......   24%         3    ##.....
 Ignite Poison            Fire/Tmut/Pois ###.....     24%         3    ##.....
 Mephitic Cloud           Conj/Pois/Air  ###.....     24%         3    ##.....
 Recall                   Summ/Tloc      N/A          24%         3    ##.....
 Summon Guardian Golem    Hex/Summ       ###.....     24%         3    ##.....
 Petrify                  Tmut/Erth      ###.....     61%         4    ####...
 Summon Ice Beast         Ice/Summ       ###.....     61%         4    ####...
 Summon Lightning Spire   Summ/Air       ###.....     61%         4    ####...
 Alistair's Intoxication  Tmut/Pois      ###.....     91%         5    #####..
 Aura of Abjuration       Summ           ###.......   91%         5    #####..
 Bolt of Magma            Conj/Fire/Erth ###.......   91%         5    #####..
 Irradiate                Conj/Tmut      ###.......   91%         5    #####..
 Iskenderun's Battlesphe  Conj/Chrm      ###.....     91%         5    #####..
 Metabolic Englaciation   Hex/Ice        ###.......   91%         5    #####..
 Summon Demon             Summ           ###.......   91%         5    #####..
 Summon Forest            Summ/Tloc      ###.......   91%         5    #####..
 Summon Mana Viper        Hex/Summ       ###.....     91%         5    #####..
 Yara's Violent Unravell  Hex/Tmut       ###.......   91%         5    #####..
 Conjure Ball Lightning   Conj/Air       ###.......   100%        6    #######
 Eringya's Noxious Bog    Tmut/Pois      ###.......   100%        6    #######
 Freezing Cloud           Conj/Ice/Air   ###.......   100%        6    #######
 Shadow Creatures         Summ           N/A          100%        6    #######
 Haunt                    Necr/Summ      ###.......   100%        7    #######
 Orb of Destruction       Conj           ###.......   100%        7    #######
 Ring of Flames           Chrm/Fire      ###.......   100%        7    #######
 Spellforged Servitor     Conj/Summ      ###.......   100%        7    #######
 Borgnjor's Revivificati  Necr           ###.......   100%        8    #######
 Death's Door             Chrm/Necr      ###.......   100%        8    #######
 Infestation              Necr           ###.......   100%        8    #######
 Necromutation            Tmut/Necr      ###.......   100%        8    #######
 Dragon's Call            Summ           ###.......   100%        9    #######


Dungeon Overview and Level Annotations

Branches:
Dungeon (1/1)

Altars:
Ashenzari
Cheibriados
Dithmenos
Elyvilon
Fedhas
Gozag
Hepliaklqana
Kikubaaqudgha
Makhleb
Nemelex Xobeh
Okawaru
Qazlal
Ru
Sif Muna
Trog
Uskayaw
Vehumet
Wu Jian
Xom
Yredelemnul
Zin
The Shining One
Beogh
Jiyva
Lugonu

Annotations:
D 1 transporter


Innate Abilities, Weirdness & Mutations

Your experience applies equally to all skills.
You have very sharp teeth.
Your uncanny sense of smell can sniff out nearby items.


Message History

You are more poisoned.
The cacodemon hits you but does no damage.
The cacodemon hits you!
* * * LOW HITPOINT WARNING * * *
The smoke demon hits you but does no damage. x2
You block the smoke demon's attack.
SHROANNG!
Unknown command.
You are covered in liquid flames!
* * * LOW HITPOINT WARNING * * *
x2 You feel very sick.
Zirroyh sneers, "Quit, thou paunchy hedge-born fustilarian!"
You feel much better.
You are covered in liquid flames!
* * * LOW HITPOINT WARNING * * *
x2 You feel very sick.
Zirroyh gestures at you. You resist with almost no effort.
The reaper hits you from afar with a +2 scythe of venom!!
You die...

▓▓▓▓▓▓▓▓▓▓▓▓▓▓▓▓▓▓▓
▓...8©8...▓ ∆∆∆∆∆
▓..):[))..▓ ∆∆∆∆∆
▓...:)):..▓
▓.........▓
▓...3.....▓
▓...4.2...▓
▓...&5....▓
▓...@&2...▓
▓....©....▓
▓▓▓▓▓▓▓▓▓▓▓ ∆∆∆
∆∆∆∆∆∆∆∆∆
∆∆∆∆∆∆∆∆∆∆∆∆∆
∆∆∆∆∆∆∆∆∆∆∆∆∆
∆∆∆∆∆∆


You could see Xooppit, Zirroyh, a cacodemon (summoned), a reaper (summoned), an
orange demon, a smoke demon and an iron imp.

Vanquished Creatures
  A centaur warrior (D)
  A sun demon (D)
  A sixfirhy (D)
  2 deep elf magi (D)
  A rust devil (D)
  An orange demon (D)
  3 yaktaurs (D)
  2 polar bears (D)
  3 tarantellas (D)
  A fire elemental (D)
  A neqoxec (D)
  A chaos spawn (D)
  A water moccasin (D)
  3 hell hounds (D)
  2 phantoms (D)
  2 centaurs (D)
  2 scorpions (D)
  2 crimson imps (D)
  2 quasits (D)
  An iron imp (D)
  2 adders (D)
  3 shadow imps (D)
  2 white imps (D)
  3 ufetubi (D)
  An adder skeleton (D)
  2 adder zombies (D)
  A bat skeleton (D)
  A ball python (D)
  A giant cockroach zombie (D)
49 creatures vanquished.

Notes
Turn   | Place    | Note
-------+----------+-------------------------------------------
     0 | D        | howech the Gnoll Fighter began the quest for the Orb.
     0 | D        | Reached XP level 1. HP: 23/23 MP: 1/1
     3 | D        | Found a blossoming altar of Fedhas.
     4 | D        | Found the +6 Majin-Bo {vamp, Archmagi MP+6 Int+6}
     4 | D        | Found the +7 great mace "Firestarter" {inner flame, rF++}
     4 | D        | Found a viscous altar of Jiyva.
     4 | D        | Found a hazy altar of Hepliaklqana.
     4 | D        | Found a transporter.
     4 | D        | Found an opulent altar of Gozag.
     4 | D        | Found an ancient bone altar of Kikubaaqudgha.
     4 | D        | Found a corrupted altar of Lugonu.
     8 | D        | Found a burning altar of Makhleb.
     9 | D        | Found a shimmering blue altar of Sif Muna.
     9 | D        | Found a sacrificial altar of Ru.
     9 | D        | Found a bloodstained altar of Trog.
     9 | D        | Found a stormy altar of Qazlal.
     9 | D        | Found an iron altar of Okawaru.
     9 | D        | Found a sparkling altar of Nemelex Xobeh.
    31 | D        | Found the +9 heavy crossbow "Sniper" {vorpal, Acc+∞ SInv}
    31 | D        | Found the +10 dark maul {vorpal}
    31 | D        | Found the +15 Maxwell's patent armour {-Cast -Tele rElec
                  | MR+ rCorr}
    31 | D        | Found the +18 shield of the Gong {rElec rN+ MR+ EV-5}
    31 | D        | Found the cursed +14 obsidian axe {vorpal, +Fly SInv
                  | *Curse}
    33 | D        | Found the +6 shillelagh "Devastator" {shatter}
    33 | D        | Found the +11 plutonium sword {*Contam Stlth-}
    33 | D        | Found the +8 lance "Wyrmbane" {slay drac, rPois rF+ rC+
                  | AC+3}
    33 | D        | Found the +9 sword of Zonguldrok {reap}
    33 | D        | Found the cursed +13 scythe of Curses {drain, *Curse}
    33 | D        | Found the +0 sword of Power
    33 | D        | Found the +7 mace of Variability {chain chaos}
    33 | D        | Found the +7 Singing Sword {vorpal, sonic wave}
    33 | D        | Found the +8 storm bow {elec, penet}
    63 | D        | Reached skill level 5 in Long Blades
    63 | D        | Reached skill level 1 in Conjurations
    63 | D        | Reached skill level 1 in Hexes
    63 | D        | Reached skill level 1 in Charms
    63 | D        | Reached skill level 1 in Summonings
    63 | D        | Reached skill level 1 in Necromancy
    63 | D        | Reached skill level 1 in Translocations
    63 | D        | Reached skill level 1 in Transmutations
    63 | D        | Reached skill level 1 in Fire Magic
    63 | D        | Reached skill level 1 in Ice Magic
    63 | D        | Reached skill level 1 in Air Magic
    63 | D        | Reached skill level 1 in Earth Magic
    63 | D        | Reached skill level 1 in Poison Magic
    63 | D        | Reached XP level 2. HP: 31/31 MP: 1/5
    68 | D        | Became a worshipper of Warmaster Okawaru
    77 | D        | Entered arena 2.
    77 | D        | Noticed a polar bear
    77 | D        | Noticed a polar bear
    77 | D        | Found a transporter.
    84 | D        | Killed a polar bear
    84 | D        | Reached * piety under Okawaru
    84 | D        | Reached ** piety under Okawaru
    84 | D        | Reached XP level 3. HP: 24/37 MP: 3/8
    84 | D        | Reached XP level 4. HP: 29/44 MP: 3/10
    84 | D        | Reached XP level 5. HP: 32/49 MP: 3/11
    86 | D        | Killed a polar bear
    86 | D        | Reached *** piety under Okawaru
    86 | D        | Reached skill level 5 in Short Blades
    86 | D        | Reached skill level 5 in Axes
    86 | D        | Reached skill level 5 in Maces & Flails
    86 | D        | Reached skill level 5 in Polearms
    86 | D        | Reached skill level 5 in Staves
    86 | D        | Reached skill level 5 in Slings
    86 | D        | Reached skill level 5 in Bows
    86 | D        | Reached skill level 5 in Crossbows
    86 | D        | Reached skill level 5 in Throwing
    86 | D        | Reached skill level 5 in Dodging
    86 | D        | Reached skill level 5 in Stealth
    86 | D        | Reached skill level 5 in Unarmed Combat
    86 | D        | Reached skill level 5 in Spellcasting
    86 | D        | Reached skill level 5 in Invocations
    86 | D        | Reached skill level 5 in Evocations
    86 | D        | Reached XP level 6. HP: 38/57 MP: 3/13
    92 | D        | Got the Reference Book on Supportive Confrontation
   186 | D        | Entered arena 3.
   186 | D        | Noticed a fire elemental
   186 | D        | Noticed a deep elf mage
   186 | D        | Noticed a deep elf mage
   186 | D        | Found a transporter.
   187 | D        | Identified the +3 mace "Jesmedes" {flame, rF+}
   190 | D        | Noticed a demonic crawler
   190 | D        | Noticed a demonic crawler
   190 | D        | Noticed a demonic crawler
   191 | D        | Noticed a tarantella
   191 | D        | Noticed a tarantella
   193 | D        | Killed a deep elf mage
   193 | D        | Received a gift from Okawaru
   193 | D        | Received a gift from Okawaru
   193 | D        | Reached **** piety under Okawaru
   193 | D        | Reached XP level 7. HP: 49/64 MP: 13/15
   195 | D        | Killed a deep elf mage
   195 | D        | Reached skill level 5 in Conjurations
   195 | D        | Reached skill level 5 in Hexes
   195 | D        | Reached skill level 5 in Charms
   195 | D        | Reached skill level 5 in Summonings
   195 | D        | Reached skill level 5 in Necromancy
   195 | D        | Reached skill level 5 in Translocations
   195 | D        | Reached skill level 5 in Transmutations
   195 | D        | Reached skill level 5 in Fire Magic
   195 | D        | Reached skill level 5 in Ice Magic
   195 | D        | Reached skill level 5 in Air Magic
   195 | D        | Reached skill level 5 in Earth Magic
   195 | D        | Reached skill level 5 in Poison Magic
   195 | D        | Reached XP level 8. HP: 49/71 MP: 13/17
   199 | D        | Received a gift from Okawaru
   339 | D        | Entered arena 4.
   339 | D        | Found a transporter.
   373 | D        | Entered arena 5.
   373 | D        | Found a transporter.
   376 | D        | Received a gift from Okawaru
   392 | D        | Entered arena 6.
   392 | D        | Noticed a tarantella
   392 | D        | Noticed a tarantella
   392 | D        | Noticed a tarantella
   392 | D        | Found a transporter.
   394 | D        | Killed a tarantella
   394 | D        | Reached XP level 9. HP: 78/78 MP: 19/19
   404 | D        | Reached ***** piety under Okawaru
   416 | D        | Got the ring "Tuist" {*Corrode rPois rC+ MP+9}
   431 | D        | Entered arena 7.
   431 | D        | Noticed a sixfirhy
   432 | D        | Found a transporter.
   435 | D        | Killed a sixfirhy
   435 | D        | Reached skill level 10 in Fighting
   435 | D        | Reached skill level 10 in Armour
   435 | D        | Reached skill level 10 in Shields
   541 | D        | Entered arena 8.
   541 | D        | Noticed a yaktaur
   541 | D        | Noticed a centaur warrior
   541 | D        | Noticed a yaktaur
   541 | D        | Noticed a yaktaur
   542 | D        | Found a transporter.
   550 | D        | Killed a yaktaur
   550 | D        | Received a gift from Okawaru
   554 | D        | Killed a yaktaur
   554 | D        | Reached XP level 10. HP: 86/86 MP: 22/22
   555 | D        | Killed a centaur warrior
   584 | D        | Got Lehudib's Compendium of Damage Dealing
   591 | D        | Entered arena 9.
   598 | D        | Reached skill level 10 in Long Blades
   599 | D        | Found a transporter.
   665 | D        | Entered arena 10.
   665 | D        | Noticed an orange demon
   665 | D        | Noticed a sun demon
   665 | D        | Noticed a rust devil
   666 | D        | Found a transporter.
   670 | D        | Killed a rust devil
   673 | D        | Killed an orange demon
   673 | D        | Killed a sun demon
   673 | D        | Reached skill level 10 in Invocations
   686 | D        | Got the Papyrus of Companions
   793 | D        | Entered arena 11.
   793 | D        | Noticed an orange demon
   793 | D        | Noticed a smoke demon
   793 | D        | Noticed Zirroyh the pandemonium lord
   793 | D        | Noticed Xooppit the pandemonium lord
   794 | D        | Found the +5 robe of Night {Dark MR+ SInv}
   794 | D        | Found a transporter.
   795 | D        | Noticed a reaper
   798 | D        | Noticed a cacodemon
   805 | D        | HP: 4/88 [smoke demon/divine providence (9)]
   807 | D        | HP: 1/88 [poisoned by Xooppit]
   808 | D        | Mangled by a reaper

Illustrated notes

Levels and vault maps discovered:
D:        sprint_v [room_start, room_1, room_2, room_3, room_4, room_5, room_6,
          room_7, room_8, room_9, room_10, room_11, room_12, room_13, room_14,
          room_15, room_16, room_17, room_18, room_19, room_20, room_21,
          room_22, room_23, room_24, room_25, room_26, room_27]

Skill      XL: |  1  2  3  4  5  6  7  8  9 10 |
---------------+-------------------------------+-----
Fighting       | 7 8 9 10 11 | 11.2
Short Blades   | 2 4 5 6 7 8 9 |  9.3
Long Blades    | 5 6 7 8 9 10 | 10.4
Axes           | 2 4 5 6 7 8 9 |  9.3
Maces & Flails | 2 4 5 6 7 8 9 |  9.3
Polearms       | 2 4 5 6 7 8 9 |  9.3
Staves         | 2 4 5 6 7 8 9 |  9.3
Slings         | 2 4 5 6 7 8 9 |  9.3
Bows           | 2 4 5 6 7 8 9 |  9.3
Crossbows      | 2 4 5 6 7 8 9 |  9.3
Throwing       | 2 4 5 6 7 8 9 |  9.3
Armour         | 7 8 9 10 11 | 11.2
Dodging        | 2 4 5 6 7 8 9 |  9.3
Stealth        | 2 4 5 6 7 8 9 |  9.3
Shields        | 7 8 9 10 11 | 11.2
Unarmed Combat | 2 4 5 6 7 8 9 |  9.3
Spellcasting   | 2 4 5 6 7 8 9 |  9.3
Conjurations   | 1 3 4 5 6 7 |  7.8
Hexes          | 1 3 4 5 6 7 |  7.8
Charms         | 1 3 4 5 6 7 |  7.8
Summonings     | 1 3 4 5 6 7 |  7.8
Necromancy     | 1 3 4 5 6 7 |  7.8
Translocations | 1 3 4 5 6 7 |  7.8
Transmutations | 1 3 4 5 6 7 |  7.8
Fire Magic     | 1 3 4 5 6 7 |  7.8
Ice Magic      | 1 3 4 5 6 7 |  7.8
Air Magic      | 1 3 4 5 6 7 |  7.8
Earth Magic    | 1 3 4 5 6 7 |  7.8
Poison Magic   | 1 3 4 5 6 7 |  7.8
Invocations    | 2 4 5 6 7 9 10 | 10.2
Evocations     | 2 4 5 6 7 8 9 |  9.3

Action                   |  1- 3 |  4- 6 |  7- 9 | 10-12 || total
-------------------------+-------+-------+-------+-------++-------
Melee: Double sword      |     6 |     8 |    39 |    26 ||    79
       Bite              |     1 |     4 |     8 |     5 ||    18
  Use: Potion            |     1 |       |       |     4 ||     5
       Scroll            |       |       |       |     1 ||     1
Armor: Plate armour      |    13 |    21 |    58 |    33 ||   125
Dodge: Dodged            |     1 |     3 |    12 |     8 ||    24
Block: Kite shield       |    22 |    25 |    83 |    79 ||   209
       Rpst.: Double sword |       |     1 |       |       ||     1
